 Dungeon Crawl Stone Soup version 0.30-a0-242-g7bf8e6d787 (webtiles) character file.

Game seed: 12171941026861608661

4 porpoise the Vexing (level 1, -1/11 HPs)
             Began as a Deep Elf Hexslinger on Oct 12, 2022.
             Slain by a quokka (4 damage)
             ... on level 1 of the Dungeon.
             The game lasted 00:01:40 (81 turns).

porpoise the Vexing (Deep Elf Hexslinger)             Turns: 81, Time: 00:01:41

Health: -1/11      AC:  2    Str:  7    XL:     1   Next: 50%
Magic:  5/5        EV: 12    Int: 17    God:
Gold:   8          SH:  0    Dex: 15    Spells: 3/4 levels left

rFire   . . .      SeeInvis .    a - +1 sling
rCold   . . .      Faith    .    (no shield)
rNeg    . . .      Spirit   .    c - +0 robe
rPois   .          Reflect  .    (no helmet)
rElec   .          Harm     .    (no cloak)
rCorr   .          Rampage  .    (no gloves)
Will    .....                    (no boots)
Stlth   +.........               (no amulet)
HPRegen 0.21/turn                (no ring)
MPRegen 0.09/turn                (no ring)

@: no status effects
A: no striking features
a: no special abilities


You were on level 1 of the Dungeon.
You visited 1 branch of the dungeon, and saw 2 of its levels.

You collected 8 gold pieces.

Inventory:

Hand Weapons
 a - a +1 sling (weapon)
 b - a +0 dagger
Armour
 c - a +0 robe (worn)
Scrolls
 d - a scroll of poison
 e - a scroll of identify {unknown}


   Skills:
 - Level 0.7 Fighting
 + Level 3.0 Ranged Weapons
 - Level 2.4 Dodging
 + Level 2.0 Spellcasting
 - Level 4.0 Hexes


You had 3 spell levels left.
You knew the following spells:

 Your Spells              Type           Power      Damage    Failure   Level
a - Slow                  Hex            60%        N/A       3%          1

Your spell library contained the following spells:

 Spells                   Type           Power      Damage    Failure   Level
 Inner Flame              Hex/Fire       8%         N/A       26%         3
 Portal Projectile        Hex/Tloc       16%        N/A       26%         3
 Cause Fear               Hex            7%         N/A       36%         4


Dungeon Overview and Level Annotations

Branches:
Dungeon (2/15)

Altars:


Message History

Your Spellcasting skill increases to level 2!
No target in view!
You start resting.
Magic restored.
There are no items here.
Adjust to which letter? (? for menu, Esc to quit)
b - a +0 dagger;
d - a scroll of poison
b - a +0 dagger (weapon)
a - a +1 sling (weapon)
Found a stone staircase leading up.
Found a scroll labelled XICALAU TEAZ.
A kobold comes into view. It is wielding a +0 club.
Found a ring mail.
You see here a scroll labelled XICALAU TEAZ.
e - a scroll labelled XICALAU TEAZ
There is a stone staircase leading up here.
You climb upwards.
The hobgoblin shouts!
The ball python hisses angrily.
The goblin shouts!
You hear a shout!
The quokka twitches its whiskers.
Found a golden potion.
There is a stone staircase leading down here.
You open the door. The hobgoblin closely misses you. The ball python bites you.
The ball python closely misses you. The ball python barely misses you.
The ball python grabs you. The ball python constricts you.
The ball python bites you but does no damage.
The ball python constricts you.
There is an open door here.
You escape the ball python's grasp.
A kobold comes into view. It is wielding a +0 dagger.
The kobold shouts!
A dart slug comes into view.
The hobgoblin attacks as you move away! The hobgoblin misses you.
The kobold hits you but does no damage. The kobold hits you with a +0 dagger.
The hobgoblin attacks as you move away! The hobgoblin hits you.
* * * LOW HITPOINT WARNING * * *
The quokka bites you.
You die...

#.. ### .. # ######## #..
...# ##......# #.# .#.#
#.......# #.# ...###.###
#.......####.##.#.#.....
.......>'S.wKg....##...##
#.......##g###.####..#..####
............r@.#...........#
........##.#####...........#
..!.....+..# #.⌠..(<...⌠.#
........#### #...........#
.#......# #...........#
#.....## ##..#####..## #...#
..# #...## .# ##...# #


You could see a quokka and a goblin.

Vanquished Creatures
  A dart slug (D:2)
  A giant cockroach (D:2)
2 creatures vanquished.

Notes
Turn   | Place    | Note
-------+----------+-------------------------------------------
     0 | D:1      | porpoise the Deep Elf Hexslinger began the quest for the
                  | Orb.
     0 | D:1      | Reached XP level 1. HP: 11/11 MP: 5/5
     8 | D:1      | You fall into a shaft and drop 1 floor!
    81 | D:1      | Slain by a quokka

Illustrated notes

Levels and vault maps discovered:
D:1:      dpeg_arrival_arbitrary_c, layout_basic, minmay_quantized
D:2:      minmay_general_purpose_star, layout_rooms, basic_altar,
          minmay_strange_pillars

Skill      XL: |  1 |
---------------+----+-----
Ranged Weapons | 3 |  3.0
Spellcasting   | 2 |  2.0
Fighting       | |  0.7
Dodging        | |  2.4
Hexes          | |  4.0

Action                   || total
-------------------------++-------
 Fire: Sling             ||     9
 Cast: Slow              ||     1
Armor: Robe              ||     4
Dodge: Dodged            ||     6

Table legend: (Time is in decaauts)
 A = Elapsed time spent in this place.
 B = Non-inter-level travel time spent in this place.
 C = Inter-level travel time spent in this place.
 D = Time resting spent in this place.
 E = Time spent auto-exploring this place.
 F = Levels seen in this place.
 G = Mean time per level.
                   A        B        C        D        E       F      G
               +--------+--------+--------+--------+--------+-----+--------+
         Total |     82 |     82 |      0 |      8 |     29 |   2 |   41.0 |
       Dungeon |     82 |     82 |      0 |      8 |     29 |   2 |   41.0 |
               +--------+--------+--------+--------+--------+-----+--------+

Top non-repeatable levels by time:
     D:2: 65 daAuts
     D:1: 16 daAuts
